 Dungeon Crawl Stone Soup version 0.29.0-15-g675c0067aa (webtiles) character file.

Game seed: 7194459795898582819

23 freelancePsychic the Cudgeller (level 3, 0/33 HPs)
             Began as a Meteoran Berserker on Sept 11, 2022.
             Was a Follower of Trog.
             Slain by a kobold
             ... wielding a +0 dagger
              (2 damage)
             ... on level 3 of the Dungeon.
             The game lasted 00:01:16 (170 turns).

freelancePsychic the Cudgeller (Meteoran Berserker)  Turns: 170, Time: 00:01:17

Health: 0/33       AC:  2    Str: 20    XL:     3   Next: 26%
Magic:  4/4        EV: 12    Int:  9    God:    Trog [*.....]
Gold:   0          SH:  0    Dex: 13    Spells: 2/2 levels left

rFire   . . .      SeeInvis .   a - +0 mace
rCold   . . .      Faith    .   (no shield)
rNeg    . . .      Spirit   .   b - +0 animal skin
rPois   .          Reflect  .   (no helmet)
rElec   .          Harm     .   (no cloak)
rCorr   .          Rampage  .   (no gloves)
Will    .....                   (no boots)
Stlth   +.........              (no amulet)
HPRegen 0.11/turn               (no ring)
MPRegen 0.09/turn               (no ring)

@: on berserk cooldown, slowed, glowing, very slow
A: sense surroundings 1, otherworldly, glowing, explore regen
a: Renounce Religion, Berserk


You were on level 3 of the Dungeon.
You worshipped Trog.
Trog was aware of your devotion.
You visited 1 branch of the dungeon, and saw 3 of its levels.

Inventory:

Hand Weapons
 a - a +0 mace (weapon)
Armour
 b - a +0 animal skin (worn)


   Skills:
 + Level 3.7 Fighting
 * Level 5.0 Maces & Flails
 - Level 2.4 Armour
 - Level 2.4 Dodging


You had 2 spell levels left.
You didn't know any spells.
Your spell library was empty.

Dungeon Overview and Level Annotations

Branches:
Dungeon (3/15) Zot: 1623

Altars:


Innate Abilities, Weirdness & Mutations

You passively map a small area around you.
You are easily found by Zot.
You glow in the dark.
You regain HP and MP as you explore.


Message History

You kill the quokka!
Trog accepts your kill. The kobold hits you but does no damage.
You miss the adder. The adder bites you. The kobold hits you with a +0 dagger.
You closely miss the adder. The adder bites you.
You are poisoned.
The adder poisons you! The kobold hits you with a +0 dagger.
* * * LOW HITPOINT WARNING * * *
You bludgeon the adder!!
You kill the adder!
Trog accepts your kill.
You feel sick. The worm closely misses you.
The kobold hits you with a +0 dagger.
* * * LOW HITPOINT WARNING * * *
Your Maces & Flails skill increases to level 5!
You have reached level 3!
Your experience leads to an increase in your attributes!
Increase (S)trength, (I)ntelligence, or (D)exterity?
You feel stronger. x2; You feel clever.
You feel sick.
You feel a strong urge to attack something.
You feel sick.
You barely miss the kobold. The kobold closely misses you.
You barely miss the kobold.
You are no longer berserk.
You are exhausted.
You feel yourself slow down.
You feel sick. The kobold hits you but does no damage.
You feel sick.
You aren't carrying any scrolls.
It was a potion of magic.
Magic courses through your body.
You feel sick.
You are no longer poisoned.
The kobold hits you with a +0 dagger.
* * * LOW HITPOINT WARNING * * *
The kobold misses you.
You hit the kobold but do no damage. The kobold closely misses you.
You barely miss the kobold. The kobold closely misses you.
The kobold hits you but does no damage.
You barely miss the kobold. The kobold hits you with a +0 dagger.
You die...

##...##...##
##..........#
#............
#............
#............
#..<........
#..†.w#.... *
#...#K# . ,
#...#@# ,, ,
#...#.#
#.....#
#.....# ,
#.....# *,
#.....# , *
#.#.... ,
#.#.... ,, ,


You could see a worm and a kobold.

Vanquished Creatures
  An adder (D:3)
  A giant cockroach (D:1)
  3 goblins (D:1)
  2 hobgoblins (D:1)
  3 kobolds (D:1)
  A quokka (D:3)
  A ball python (D:1)
  2 frilled lizards (D:1)
14 creatures vanquished.

Vanquished Creatures (others)
  3 plants (D:3)
3 creatures vanquished.

Grand Total: 17 creatures vanquished

Notes
Turn   | Place    | Note
-------+----------+-------------------------------------------
     0 | D:1      | freelancePsychic the Meteoran Berserker began the quest for
                  | the Orb.
     0 | D:1      | Reached XP level 1. HP: 19/19 MP: 2/2
    31 | D:1      | Reached XP level 2. HP: 20/26 MP: 3/3
   162 | D:3      | Reached skill level 5 in Maces & Flails
   162 | D:3      | Reached XP level 3. HP: 10/33 MP: 4/4
   170 | D:3      | Slain by a kobold

Illustrated notes

Levels and vault maps discovered:
D:1:      dpeg_arrival_morbid_curiosity, layout_basic, minmay_door_square
D:2:      layout_basic, minmay_pentomino_z4
D:3:      layout_rooms, serial_bayou_lagoon_a, kennysheep_generic_room_8

Skill      XL: |  1  2 |
---------------+-------+-----
Maces & Flails | 5 |  5.0
Fighting       | |  3.7
Armour         | |  2.4
Dodging        | |  2.4

Action                   || total
-------------------------++-------
Melee: Mace              ||    42
Invok: Berserk           ||     1
  Use: Potion            ||     1
Armor: Animal skin       ||    14
Dodge: Dodged            ||    20
